[Event "Early-Titled-Tuesday-Blitz-October-03-2023"]
[Site "Chess.com"]
[Date "2023.10.03"]
[Round "4"]
[White "MokshAD1603"]
[Black "Barmen_EV"]
[Result "1-0"]
[WhiteElo "2623"]
[BlackElo "2444"]
[TimeControl "180+1"]
[EndTime "8:39:22 PDT"]
[Termination "MokshAD1603 won by checkmate"]

1. e4 c5 2. Nf3 Nc6 3. Bb5 e6 4. O-O Be7 5. Re1 Nf6 6. e5 Nd5 7. c4 Nb6 8. Nc3 O-O 9. d3 a6 10. Bxc6 dxc6 11. Ne4 Rb8 12. h4 Na8 13. Bg5 b6 14. Qd2 Nc7 15. h5 Bxg5 16. Nfxg5 h6 17. Nf3 Qe7 18. Qf4 Rd8 19. Re3 b5 20. b3 bxc4 21.
bxc4 Rb2 22. Nh2 Ne8 23. Rg3 Kh8 24. Ng4 f5 25. exf6 Nxf6 26. Ngxf6 e5 27. Qe3 Bf5 28. Ng4 Rf8 29. Qxc5 Qe8 30. Nd6 Qe7 31. Qxe5 Qxe5 32. Nxe5 Be6 33. Ng6+ Kg8 34. Nxf8 Kxf8 35. Re1 Ke7 36.
Nf5+ Kf6 37. Nxg7 Rxa2 38. Rxe6+ Kf7 39. Rxc6 Ra1+ 40. Kh2 a5 41. Nf5 a4 42. Rg7+ Kf8 43. Rc8# 1-0

[Event "Early-Titled-Tuesday-Blitz-October-03-2023"]
[Site "Chess.com"]
[Date "2023.10.03"]
[Round "4"]
[White "Mesa_1"]
[Black "Flaccidmoves"]
[Result "1-0"]
[WhiteElo "2639"]
[BlackElo "2464"]
[TimeControl "180+1"]
[EndTime "8:39:23 PDT"]
[Termination "Mesa_1 won by resignation"]

1. Nf3 Nf6 2. c4 b6 3. Nc3 Bb7 4. g3 e6 5. Bg2 c5 6. O-O Be7 7. d4 cxd4 8. Qxd4 d6 9. Rd1 a6 10. b3 Nbd7 11. e4 Qc7 12. Ba3 Nc5 13. e5 dxe5 14.
Qxe5 Qxe5 15. Nxe5 Bxg2 16. Kxg2 Rc8 17. Bb2 O-O 18.
Rd4 Rfd8 19. Rxd8+ Rxd8 20. Nc6 Rd7 21. Nxe7+ Rxe7 22. Ba3 Rd7 23. Bxc5 bxc5 24. Na4 Rd2 25. Nxc5 Ng4 26. Ne4 Rc2 27. h3 Ne5 28. Rd1 Kf8 29.
Rd2 Rc1 30. f4 Nc6 31. Rd6 Nb4 32. a3 Rc2+ 33. Kf3 Na2 34. Rxa6 Nc3 35. Ra8+ Ke7 36. Ra7+ Kf8 37. Ng5 h6 38. Nxf7 Rb2 39. b4 Rb3 40.
Kg2 Ne4 41. g4 Rg3+ 42. Kh2 Rf3 43. Ne5 Rf2+ 44. Kg1 Rf3 45. Nxf3 1-0

[Event "Early-Titled-Tuesday-Blitz-October-03-2023"]
[Site "Chess.com"]
[Date "2023.10.03"]
[Round "4"]
[White "ChessicallyInclined"]
[Black "FoxOnTheRun97"]
[Result "1-0"]
[WhiteElo "2796"]
[BlackElo "2514"]
[TimeControl "180+1"]
[EndTime "8:39:23 PDT"]
[Termination "ChessicallyInclined won by resignation"]

1. e4 c6 2. Nf3 d5 3. Nc3 Bg4 4.
h3 Bxf3 5. Qxf3 e6 6. Be2 Nf6 7. O-O Be7 8. Rd1 dxe4 9. Nxe4 Nbd7 10. d4 Nxe4 11. Qxe4 Nf6 12. Qd3 O-O 13. a4 Qd5 14. Bf3 Qf5 15. Qxf5 exf5 16. Bf4 Rad8 17. Rd3 Nd5 18. Bd2 Rd7 19. a5 a6 20. Re1 Bf6 21. c4 Nc7 22. Bb4 Rfd8 23. d5 cxd5 24. Bxd5 Nxd5 25. Rxd5 Rxd5 26. cxd5 Bxb2 27. d6 f6 28. Re7 Be5 29. d7 Bc7 30. Kf1 h5 31. Ke2 Kh7 32.
Kd3 b6 33. axb6 Bxb6 34. f3 Kg6 35. Kc4 f4 36. Kd5 a5 37. Ba3 Ra8 38. Re8 Bd8 39. Be7 a4 40. Rxd8 Rxd8 41. Bxd8 a3 42. Ba5 1-0

[Event "Early-Titled-Tuesday-Blitz-October-03-2023"]
[Site "Chess.com"]
[Date "2023.10.03"]
[Round "4"]
[White "ActorXu"]
[Black "Herman-NY"]
[Result "1-0"]
[WhiteElo "2720"]
[BlackElo "2516"]
[TimeControl "180+1"]
[EndTime "8:39:24 PDT"]
[Termination "ActorXu won by resignation"]

1. e4 c5 2. Nf3 Nc6 3. Bb5 e6 4. O-O Nge7 5. Re1 a6 6. Bf1 d5 7. exd5 Nxd5 8. d4 Nf6 9. Be3 cxd4 10. Nxd4 Bd7 11. c4 Be7 12. Nc3 O-O 13. h3 Nxd4 14.
Bxd4 Bc6 15. a3 a5 16. Nb5 Bxb5 17. cxb5 Nd5 18. Rc1 Bf6 19. g3 Rc8 20. Rxc8 Qxc8 21. Bxf6 Nxf6 22. Bg2 Rd8 23. Qc1 Qd7 24. Qe3 Qxb5 25.
Qc3 h6 26. Re5 Rd1+ 27. Kh2 Qb6 28. Qc2 Rd8 29. Rc5 Nd5 30. h4 h5 31. Be4 Nf6 32.
Bf3 g6 33. Kg2 Kg7 34. Qc3 Rd7 35. Rc4 Qd8 36. Rc8 Qb6 37. b3 Qd6 38. Qxa5 e5 39.
Rc4 Re7 40. Qb4 Qd3 41. Qxe7 1-0

[Event "Early-Titled-Tuesday-Blitz-October-03-2023"]
[Site "Chess.com"]
[Date "2023.10.03"]
[Round "4"]
[White "KatakuriDono"]
[Black "noblerone"]
[Result "1-0"]
[WhiteElo "2342"]
[BlackElo "2489"]
[TimeControl "180+1"]
[EndTime "8:39:24 PDT"]
[Termination "KatakuriDono won on time"]

1. d4 d5 2. c4 c6 3. Nc3 Nf6 4. cxd5 cxd5 5. Bg5 e6 6. e3 Be7 7. Bd3 Nc6 8. a3 Bd7 9. f4 h6 10. Bh4 Rc8 11. Nf3 Na5 12. Ne5 a6 13. O-O Nc4 14.
Nxc4 dxc4 15. Bc2 b5 16. e4 Bc6 17. e5 Nd7 18. Bxe7 Qxe7 19. Qg4 g6 20. Rad1 Nb6 21. d5 Bxd5 22. Nxd5 Qc5+ 23. Kh1 Nxd5 24. Bxg6 fxg6 25. Qxg6+ Kd7 26. f5 Rce8 27. fxe6+ Kc6 28. e7+ Kb7 29. Qe4 Qc6 30. Rxd5 Kc7 31. Rf6 Qb7 32. Rc5+ Kb8 33. Rcc6 1-0

[Event "Early-Titled-Tuesday-Blitz-October-03-2023"]
[Site "Chess.com"]
[Date "2023.10.03"]
[Round "4"]
[White "falzehope0"]
[Black "the_chess_child"]
[Result "0-1"]
[WhiteElo "2378"]
[BlackElo "2860"]
[TimeControl "180+1"]
[EndTime "8:39:25 PDT"]
[Termination "the_chess_child won by checkmate"]

1. d4 Nf6 2. e3 g6 3. Bd3 Bg7 4.
f4 O-O 5. Nf3 d6 6. O-O Nbd7 7. f5 c5 8. c3 e5 9. fxe6 fxe6 10.
Ng5 Qe7 11. Kh1 b6 12. Nd2 Bb7 13. Qe2 e5 14. dxc5 Nxc5 15. Bb5 d5 16. e4 a6 17. Bd3 Nxd3 18. Qxd3 dxe4 19. Qh3 e3 20.
Ndf3 Bc8 21. Qh4 e4 22. Nd4 h6 23. Nh3 Ng4 24. Rxf8+ Qxf8 25. Qe1 Qd6 26. g3 Bxd4 27. cxd4 Qxd4 28. Ng1 Be6 29. Ne2 Qf6 30. Kg1 Rf8 31.
Nf4 g5 32. Nxe6 Qf2+ 33. Qxf2 exf2+ 34. Kg2 f1=Q# 0-1

[Event "Early-Titled-Tuesday-Blitz-October-03-2023"]
[Site "Chess.com"]
[Date "2023.10.03"]
[Round "4"]
[White "WindWhistler11"]
[Black "LubovMarkelova"]
[Result "1-0"]
[WhiteElo "2465"]
[BlackElo "2226"]
[TimeControl "180+1"]
[EndTime "8:39:25 PDT"]
[Termination "WindWhistler11 won by resignation"]

1. Nf3 d5 2. g3 Nf6 3. d3 c6 4.
Nbd2 Bf5 5. Bg2 h6 6. O-O e6 7. b3 Be7 8. c4 O-O 9. Bb2 Nbd7 10. Qc2 a5 11. a3 Bh7 12. Rfe1 Qb6 13. Bc3 Rfd8 14.
Qb2 dxc4 15. Nxc4 Qc7 16. b4 axb4 17. axb4 Bf8 18. e4 Nb6 19. Nxb6 Qxb6 20. Rxa8 Rxa8 21. Bxf6 gxf6 22. Qxf6 Bg7 23. Qe7 Bf8 24. Qf6 Bg7 25. Qe7 Bf8 26. Qh4 Ra2 27. Rf1 Qxb4 28. Ne5 Qe7 29.
Qf4 Bg7 30. Ng4 Qg5 31. Qb8+ Bf8 32. Bf3 b5 33. h4 Qg6 34. Ne5 Qf6 35. Bh5 Bg6 36.
Ng4 Qg7 37. e5 Bxh5 38. Nf6+ Kh8 39. Nxh5 Qg6 40. Qxf8+ Kh7 41. Nf6+ 1-0

[Event "Early-Titled-Tuesday-Blitz-October-03-2023"]
[Site "Chess.com"]
[Date "2023.10.03"]
[Round "4"]
[White "ferrufino64"]
[Black "Haykoooo0o"]
[Result "1-0"]
[WhiteElo "2216"]
[BlackElo "2436"]
[TimeControl "180+1"]
[EndTime "8:39:25 PDT"]
[Termination "ferrufino64 won by checkmate"]

1. e4 d5 2. exd5 c6 3. d4 cxd5 4. c3 Nf6 5. Bd3 g6 6. Nf3 Bg7 7. O-O O-O 8. Re1 Qc7 9. Nbd2 Bf5 10. Nf1 Nc6 11. Ng3 Bxd3 12. Qxd3 a6 13. a4 Rfb8 14.
b4 Nd8 15. Bd2 Ne6 16. Ne5 Nd7 17. f4 Nxe5 18. fxe5 Rc8 19. Rf1 Qc4 20. Qf3 Rf8 21. a5 Nc7 22. Rf2 Nb5 23. Raf1 e6 24. h4 Rac8 25.
Ne2 Qa2 26. Nc1 Qa3 27. Ne2 Qb2 28. Qf4 Rc4 29. h5 Bxe5 30. Qe3 Bg7 31. h6 Bh8 32.
Rxf7 Rxf7 33. Qxe6 Nd6 34. Rxf7 Qb1+ 35. Rf1+ Nf7 36. Qe8# 1-0

[Event "Early-Titled-Tuesday-Blitz-October-03-2023"]
[Site "Chess.com"]
[Date "2023.10.03"]
[Round "4"]
[White "FERNANDEZL1983"]
[Black "DoctorCheckyll"]
[Result "1-0"]
[WhiteElo "2589"]
[BlackElo "2342"]
[TimeControl "180+1"]
[EndTime "8:39:26 PDT"]
[Termination "FERNANDEZL1983 won on time"]

1. e4 d6 2. d4 Nf6 3. Nc3 g6 4. f3 a6 5. Be3 b5 6. Qd2 Nbd7 7. Nge2 Nb6 8. b3 Bb7 9. g4 e5 10. O-O-O exd4 11. Bxd4 b4 12. Nb1 Bg7 13. g5 Nh5 14. Bxg7 Nxg7 15. h4 a5 16. Nf4 O-O 17. Bb5 Ne6 18.
Rdg1 Qe7 19. h5 Nxf4 20. Qxf4 Qe5 21. Qh4 Qg7 22. Rh2 d5 23. e5 Qxe5 24. hxg6 Qe3+ 25.
Kb2 Qe5+ 26. c3 h5 27. gxh6 bxc3+ 28. Nxc3 fxg6 29. Re2 Qf6 30. Qxf6 Rxf6 31. Re7 d4 32. Ne2 Bxf3 33. Nxd4 Rd8 34. Nxf3 Rxf3 35. Rxg6+ Kh8 36. Rxc7 Rd2+ 37. Rc2 Rxc2+ 38. Kxc2 Nd5 39. Bc4 Nb4+ 40. Kd2 Nxa2 41. Ra6 Rh3 42. Rxa5 Nb4 43. Rb5 Nc6 44.
Rc5 Ne7 45. Rc7 Nf5 46. Rc8+ Kh7 47. Bd3 Rh5 48. Rf8 Kxh6 49. Rxf5 Rh2+ 50. Kc3 Kg7 51. b4 Rh1 52. b5 Rc1+ 53. Kd4 1-0

[Event "Early-Titled-Tuesday-Blitz-October-03-2023"]
[Site "Chess.com"]
[Date "2023.10.03"]
[Round "4"]
[White "JoseRemolar"]
[Black "Boxerandchessplayer"]
[Result "1-0"]
[WhiteElo "2441"]
[BlackElo "2158"]
[TimeControl "180+1"]
[EndTime "8:39:27 PDT"]
[Termination "JoseRemolar won by checkmate"]

1. d4 d5 2. Nf3 e6 3. e3 Nf6 4.
Bd3 Be7 5. Nbd2 a6 6. b3 b5 7.
Bb2 c5 8. dxc5 Bxc5 9. Qe2 Bb7 10. O-O Nbd7 11. Rad1 O-O 12. e4 Nb6 13. e5 Nfd7 14.
Nd4 Re8 15. f4 Qc7 16. Kh1 a5 17. Nxb5 Qc6 18. a4 Nf8 19. Nf3 Nbd7 20. Rde1 Bb4 21. Rd1 Bc5 22. Qe1 Bb4 23. Qh4 Be7 24. Qg4 Ba6 25.
Nfd4 Qc8 26. Rde1 Bb4 27. Re3 Ng6 28. h4 Ndf8 29. Rg3 Qd8 30. Rh3 Ne7 31. h5 Kh8 32. Rff3 Ng8 33. Rfg3 g6 34. hxg6 Nxg6 35. Bxg6 fxg6 36.
Rxh7+ Kxh7 37. Qxg6+ Kh8 38. Qg7# 1-0

[Event "Early-Titled-Tuesday-Blitz-October-03-2023"]
[Site "Chess.com"]
[Date "2023.10.03"]
[Round "4"]
[White "kleinebeer98"]
[Black "Jospem"]
[Result "1/2-1/2"]
[WhiteElo "2819"]
[BlackElo "3060"]
[TimeControl "180+1"]
[EndTime "8:39:29 PDT"]
[Termination "Game drawn by repetition"]

1. e4 Nc6 2. Nf3 d6 3. Nc3 Nf6 4. d4 g6 5. Bg5 Bg7 6. Qd2 h6 7. Bf4 g5 8. Be3 Ng4 9. O-O-O e6 10. Kb1 Nxe3 11. Qxe3 Qe7 12. d5 Ne5 13. Nd4 a6 14. h4 gxh4 15. f4 Ng4 16. Qd2 Bxd4 17. Qxd4 e5 18. Qd2 exf4 19. Qxf4 Qg5 20. Qf3 Bd7 21. Be2 O-O-O 22. Rdf1 Rdf8 23. Qd3 Ne5 24. Qd4 Kb8 25. Qb4 Ka7 26. Qd4+ Ka8 27. b4 Qd8 28. b5 a5 29.
b6 cxb6 30. Ka1 Qc7 31. Rb1 Qc5 32. Qxc5 bxc5 33. Rb6 Rhg8 34. Rhb1 Bc8 35. Bf1 Rg6 36. Nb5 Rd8 37. Nc7+ Kb8 38. Na6+ Ka7 39. Nc7 Kb8 40. Na6+ Ka7 41. Nc7 Rf6 42. R6b5 Kb8 43. Na6+ Ka7 44. Nc7 Kb8 45. Na6+ Ka7 46. Nc7 1/2-1/2

[Event "Early-Titled-Tuesday-Blitz-October-03-2023"]
[Site "Chess.com"]
[Date "2023.10.03"]
[Round "4"]
[White "NelsonLinda"]
[Black "Sethu0025"]
[Result "1/2-1/2"]
[WhiteElo "2594"]
[BlackElo "2857"]
[TimeControl "180+1"]
[EndTime "8:39:29 PDT"]
[Termination "Game drawn by repetition"]

1. b3 c5 2. Bb2 Nc6 3. g3 d5 4.
Nf3 f6 5. d4 cxd4 6. Nxd4 e5 7.
Nxc6 bxc6 8. Bg2 Be6 9. O-O Qd7 10. Nd2 Rd8 11. c4 h5 12. cxd5 cxd5 13. Nf3 Nh6 14. Nh4 Bf7 15. Rc1 Be7 16. Qc2 e4 17.
Rfd1 g5 18. Bxe4 gxh4 19. Bxd5 Bxd5 20. e4 hxg3 21. hxg3 Qh3 22. Rxd5 Ng4 23. Rxd8+ Bxd8 24. Qc6+ Kf7 25. Qd5+ Kg6 26. Qf5+ Kh6 27. Rc8 Qh2+ 28. Kf1 Ne3+ 29. fxe3 Qxb2 30. Qd7 Qa1+ 31. Kg2 Qxa2+ 32. Kh3 Qb1 33. Kh2 Qb2+ 34. Kh3 Qb1 35. Kh2 Qb2+ 36. Kh3 Qb1 1/2-1/2

[Event "Early-Titled-Tuesday-Blitz-October-03-2023"]
[Site "Chess.com"]
[Date "2023.10.03"]
[Round "4"]
[White "SanchezKelvin"]
[Black "Quattroporte300"]
[Result "1-0"]
[WhiteElo "2614"]
[BlackElo "2384"]
[TimeControl "180+1"]
[EndTime "8:39:29 PDT"]
[Termination "SanchezKelvin won on time"]

1. e4 c5 2. Nf3 d6 3. d4 cxd4 4. Nxd4 Nf6 5. Nc3 a6 6. Bg5 Nbd7 7. f4 h6 8. Bxf6 Nxf6 9. Qf3 e6 10. O-O-O Qc7 11. g4 e5 12. Nf5 Bxf5 13. gxf5 O-O-O 14. Bd3 Be7 15. Rhg1 Rhg8 16. Kb1 b5 17. Be2 Kb7 18. Rd3 Qc6 19. Rgd1 b4 20. Nd5 Nxd5 21. Rxd5 exf4 22. R5d4 a5 23. Bc4 Ka7 24. Bd5 Qc5 25. Qxf4 Bf6 26. Rc4 Qb6 27. Rc6 Be5 28. Qd2 Qb5 29. Qe3+ Kb8 30.
Rb6+ 1-0

[Event "Early-Titled-Tuesday-Blitz-October-03-2023"]
[Site "Chess.com"]
[Date "2023.10.03"]
[Round "4"]
[White "Korchmar_Vasiliy"]
[Black "Rosh1610"]
[Result "1-0"]
[WhiteElo "2679"]
[BlackElo "2457"]
[TimeControl "180+1"]
[EndTime "8:39:30 PDT"]
[Termination "Korchmar_Vasiliy won by checkmate"]

1. e4 c5 2. d4 cxd4 3. Qxd4 Nc6 4. Qd3 Nf6 5. Nc3 g6 6. Nf3 Bg7 7. Be2 d6 8. O-O O-O 9. Nd5 Be6 10. c3 Rc8 11. Rd1 Nd7 12. Bg5 Nc5 13. Qe3 Re8 14.
h3 Na4 15. Rd2 Nb6 16. Rad1 Bxd5 17. exd5 Na5 18. Rd4 Nbc4 19. Qc1 Bxd4 20. Rxd4 Ne5 21. b3 Qb6 22. Rh4 f5 23. Be3 Nxf3+ 24. Bxf3 Qc7 25. Bd4 Rf8 26. Qh6 Rf7 27. Qxg6+ Kf8 28. Rxh7 Rxh7 29. Qxh7 Ke8 30. Bh5+ Kd8 31. Bg6 e5 32. Qg8+ Ke7 33.
Qf7+ Kd8 34. Qf8+ Kd7 35. Bxf5# 1-0

[Event "Early-Titled-Tuesday-Blitz-October-03-2023"]
[Site "Chess.com"]
[Date "2023.10.03"]
[Round "4"]
[White "B_nn_t"]
[Black "elcala"]
[Result "1-0"]
[WhiteElo "2407"]
[BlackElo "1727"]
[TimeControl "180+1"]
[EndTime "8:39:31 PDT"]
[Termination "B_nn_t won on time"]

1. Nf3 d5 2. g3 Nf6 3. Bg2 e6 4. O-O Bc5 5. c4 c6 6. a3 O-O 7. b4 Be7 8. Bb2 a5 9. cxd5 cxd5 10. b5 a4 11. Nc3 Bd7 12. Ne5 Be8 13. d3 Nbd7 14.
Nxd7 Bxd7 15. Rb1 Qa5 16. h4 Bxa3 17. Bxa3 Qxc3 18. Bxf8 Kxf8 19. Qc1 Rc8 20. Qf4 Qa5 21. Qd6+ Kg8 22. Rfc1 Rxc1+ 23. Rxc1 h6 24. e4 dxe4 25. dxe4 Bxb5 26. e5 Nd7 27. Be4 g6 28. Bxb7 a3 29. Ra1 a2 30. Bc6 Bxc6 31. Qxc6 Nb6 32. Qc2 Qxe5 33.
Rxa2 Nd5 34. Ra8+ Kg7 35. Rb8 Qf6 36. Qb2 Qxb2 37. Rxb2 Kf6 38. Kg2 Kf5 39. Kf3 f6 40.
Ra2 e5 41. Ra4 g5 42. h5 Ke6 43. g4 Kf7 44. Ra6 Nf4 45. Ke4 Ke7 46. Kf5 Nh3 47. Rxf6 Nxf2 48. Rxh6 e4 49. Rh7+ 1-0

[Event "Early-Titled-Tuesday-Blitz-October-03-2023"]
[Site "Chess.com"]
[Date "2023.10.03"]
[Round "4"]
[White "Arystanner"]
[Black "FairChess_on_YouTube"]
[Result "1-0"]
[WhiteElo "2844"]
[BlackElo "3065"]
[TimeControl "180+1"]
[EndTime "8:39:33 PDT"]
[Termination "Arystanner won by resignation"]

1. e4 c5 2. Nf3 g6 3. Bc4 Bg7 4. c3 e6 5. d4 cxd4 6. Nxd4 Ne7 7. O-O O-O 8. Bg5 h6 9. Bh4 a6 10. Nd2 Nbc6 11. Nxc6 bxc6 12. Bd3 d5 13. Re1 g5 14.
Bg3 dxe4 15. Nxe4 f5 16. Nc5 f4 17. Bxf4 Rxf4 18. Bh7+ Kxh7 19. Qxd8 Ra7 20. Nxe6 Bxe6 21. Rxe6 Nd5 22. Rxc6 Rf5 23. Rd6 Nf4 24. Rd7 Rxd7 25. Qxd7 Rd5 26. Qe8 Re5 27. Qc6 Re2 28. Rb1 a5 29.
Qb5 Rd2 30. Qxa5 Kg6 31. a4 Kh5 32. Qf5 Ne2+ 33. Kh1 Nf4 34. Qf7+ Kg4 35. Qxg7 Rxf2 36. Qd7+ Kh5 37. Qe8+ Kh4 38. g3+ Kh3 39. gxf4 Rxh2+ 40. Kg1 Rg2+ 41. Kf1 g4 42. Qh5+ Kg3 43. Qxg4+ Kxg4 44. Kxg2 1-0

[Event "Early-Titled-Tuesday-Blitz-October-03-2023"]
[Site "Chess.com"]
[Date "2023.10.03"]
[Round "4"]
[White "Hrant_ChessMood"]
[Black "bocah_sakit"]
[Result "1-0"]
[WhiteElo "2920"]
[BlackElo "2725"]
[TimeControl "180+1"]
[EndTime "8:39:33 PDT"]
[Termination "Hrant_ChessMood won by resignation"]

1. d4 Nf6 2. c4 e6 3. Bf4 d5 4. e3 c5 5. dxc5 Bxc5 6. Nc3 Nc6 7. Nf3 O-O 8. a3 a6 9. Rc1 Ba7 10. b4 Re8 11. c5 h6 12. Bd6 b6 13. Nd4 Nxd4 14. exd4 e5 15. dxe5 bxc5 16. bxc5 Ng4 17. Be2 Nxe5 18. Qxd5 Bb7 19. Qxb7 Nd3+ 20. Kd2 Nxc5 21.
Qd5 Re6 22. Bxc5 Bxc5 23. Qxd8+ Rxd8+ 24. Kc2 Bxa3 25. Rb1 a5 26. Bf3 Bb4 27. Rhd1 Rc8 28. Rd3 Re5 29. Rb3 Rec5 30. Kb2 g5 31. g4 Kg7 32. Be4 Rc4 33. f3 a4 34. Nxa4 Rc2+ 35. Kb1 Rc1+ 36. Ka2 R8c2+ 37. Nb2 Rxb2+ 38. Rxb2 1-0

[Event "Early-Titled-Tuesday-Blitz-October-03-2023"]
[Site "Chess.com"]
[Date "2023.10.03"]
[Round "4"]
[White "BJthechessgod"]
[Black "becemix"]
[Result "0-1"]
[WhiteElo "2352"]
[BlackElo "2516"]
[TimeControl "180+1"]
[EndTime "8:39:34 PDT"]
[Termination "becemix won by resignation"]

1. e4 c5 2. Nf3 e6 3. d4 cxd4 4.
Nxd4 Nf6 5. Nc3 d6 6. g4 Nc6 7.
Nxc6 bxc6 8. g5 Nd7 9. Be3 Bb7 10. Qd2 d5 11. O-O-O Qa5 12. Kb1 Bb4 13. Bg2 Ne5 14. Bd4 Nc4 15. Qc1 e5 16. exd5 exd4 17.
dxc6 Ba6 18. Nd5 Bd2 19. Rhe1+ Kf8 20. Rxd2 Nxd2+ 21. Ka1 Bc4 22. b3 Bxd5 23. Bxd5 Qc3+ 24. Qb2 Nxb3+ 25. axb3 Qxe1+ 26. Ka2 Qa5+ 27. Qa3+ Qxa3+ 28. Kxa3 Rc8 29. Kb4 Ke7 30. Kc5 Rc7 31. Kxd4 Rd8 32.
c4 Rxc6 33. b4 Rxd5+ 34. Kxd5 Kd7 35. c5 a6 36. Kc4 Ke6 37. b5 axb5+ 38. Kxb5 Kd5 0-1

[Event "Early-Titled-Tuesday-Blitz-October-03-2023"]
[Site "Chess.com"]
[Date "2023.10.03"]
[Round "4"]
[White "Duhless"]
[Black "Mikhail_Golubev"]
[Result "1-0"]
[WhiteElo "2967"]
[BlackElo "2598"]
[TimeControl "180+1"]
[EndTime "8:39:38 PDT"]
[Termination "Duhless won by resignation"]

1. d4 Nf6 2. Nf3 d6 3. Bg5 Nbd7 4. Nc3 e5 5. e4 Be7 6. Bc4 h6 7. Be3 Ng4 8. O-O Nxe3 9. fxe3 O-O 10. Qe1 c6 11. a4 a5 12. Qg3 Bf6 13. Rad1 Qe7 14. Kh1 Nb6 15. Bb3 Be6 16. Bxe6 Qxe6 17. d5 Qe7 18. b3 Rac8 19. Rf2 cxd5 20. Nxd5 Nxd5 21. Rxd5 Rc3 22. Re2 Rfc8 23. Qf2 Qc7 24. Ne1 Qb6 25.
g3 Qb4 26. Qf3 Qa3 27. h4 b6 28. Kg2 R8c6 29. Red2 Qc1 30. Rd1 Qb2 31. Kh3 Rxc2 32. Nxc2 Rxc2 33. Rxd6 Rh2+ 34. Kg4 g6 35. Rxf6 Qxb3 36.
Rd8+ Kg7 37. Rd7 h5+ 38. Kg5 1-0

[Event "Early-Titled-Tuesday-Blitz-October-03-2023"]
[Site "Chess.com"]
[Date "2023.10.03"]
[Round "4"]
[White "campochess"]
[Black "LuisFSiles"]
[Result "1/2-1/2"]
[WhiteElo "2166"]
[BlackElo "2278"]
[TimeControl "180+1"]
[EndTime "8:39:39 PDT"]
[Termination "Game drawn by stalemate"]

1. d4 Nf6 2. Bg5 Ne4 3. h4 d5 4. Nd2 Nxd2 5. Qxd2 h6 6. Bf4 Bf5 7. e3 e6 8. Bd3 Bxd3 9. Qxd3 Bd6 10. Ne2 Bxf4 11. exf4 Nc6 12. c3 Qf6 13. O-O-O O-O-O 14. g4 g5 15. hxg5 hxg5 16. f5 exf5 17. Qxf5+ Qxf5 18. gxf5 Rde8 19. Ng3 Kd7 20. Kd2 Rh4 21. Rde1 Rxe1 22.
Rxe1 Rf4 23. Ke3 Ne7 24. Rh1 Nxf5+ 25. Nxf5 Rxf5 26. Rh8 a5 27. Ra8 b6 28. Rg8 f6 29. b3 Rf4 30. f3 Rh4 31. Rg7+ Kd6 32. Rf7 Rh6 33. c4 dxc4 34. bxc4 c5 35. d5 b5 36.
cxb5 Kxd5 37. b6 Kc6 38. b7 Rh8 39. Rxf6+ Kxb7 40. Rf5 Kb6 41. Rxg5 c4 42. Kd4 Rc8 43. Kc3 Rc6 44. a4 Rf6 45. Rb5+ Ka6 46. Kxc4 Rxf3 47.
Rd5 Rf4+ 48. Rd4 Rxd4+ 49. Kxd4 Ka7 50. Kc5 Ka8 51. Kb5 Kb8 52. Kxa5 Ka8 53. Kb6 Kb8 54. a5 Ka8 55. a6 Kb8 56. a7+ Ka8 57. Ka6 1/2-1/2

[Event "Early-Titled-Tuesday-Blitz-October-03-2023"]
[Site "Chess.com"]
[Date "2023.10.03"]
[Round "4"]
[White "MathiasWomacka"]
[Black "Mops_2004"]
[Result "0-1"]
[WhiteElo "2572"]
[BlackElo "2801"]
[TimeControl "180+1"]
[EndTime "8:39:41 PDT"]
[Termination "Mops_2004 won on time"]

1. e4 g6 2. d4 Bg7 3. Nc3 d6 4. f4 Nf6 5. Nf3 c5 6. Bb5+ Bd7 7. e5 Ng4 8. Bxd7+ Qxd7 9. d5 dxe5 10. h3 e4 11.
hxg4 exf3 12. Qxf3 Na6 13. Bd2 Nc7 14. O-O-O O-O-O 15. Be1 Bd4 16. f5 Nxd5 17. Ne2 Qa4 18. Kb1 Ne3 19. Rc1 Qc6 20. Bf2 Qxf3 21. gxf3 Nxf5 22. gxf5 Bxf2 23. fxg6 hxg6 24. Nc3 Bd4 25. Ne4 f5 26. Ng5 Be3 27. Nf7 Rxh1 28. Rxh1 Rd2 29. a4 Bf4 30.
Re1 Kd7 31. Ne5+ Bxe5 32. Rxe5 Kd6 33. Re3 b6 34. a5 e5 35. axb6 axb6 36. Ra3 Rf2 37. Kc1 b5 38. Kd1 b4 39. Ra6+ Kd5 40.
Rxg6 Rxf3 41. Ke2 Rh3 42. Rg8 Rh2+ 0-1

[Event "Early-Titled-Tuesday-Blitz-October-03-2023"]
[Site "Chess.com"]
[Date "2023.10.03"]
[Round "4"]
[White "zverr1"]
[Black "rikchessmx"]
[Result "1-0"]
[WhiteElo "2513"]
[BlackElo "2344"]
[TimeControl "180+1"]
[EndTime "8:39:41 PDT"]
[Termination "zverr1 won on time"]

1. e4 c5 2. Nf3 e6 3. b3 d5 4.
exd5 exd5 5. Bb5+ Bd7 6. Qe2+ Qe7 7. O-O a6 8. Bxd7+ Kxd7 9. Qd3 Nf6 10. Re1 Qd6 11. Ne5+ Kc7 12. Nxf7 Qd7 13. Nxh8 Nc6 14. Qh3 Qxh3 15. gxh3 Bd6 16. Nf7 Bf4 17. d3 Bxc1 18. Rxc1 h6 19. Re1 Nd4 20. Re7+ Kc6 21. Nc3 Nxc2 22. Rc1 Nd4 23. Re3 Nf5 24. Ree1 Nd4 25.
Ne5+ Kd6 26. Kg2 Nh5 27. Ng6 Rd8 28. Re3 Nf5 29. Ree1 b5 30. Ne2 b4 31. Ng3 1-0

[Event "Early-Titled-Tuesday-Blitz-October-03-2023"]
[Site "Chess.com"]
[Date "2023.10.03"]
[Round "4"]
[White "MrVenky"]
[Black "ValentunHulka"]
[Result "1/2-1/2"]
[WhiteElo "2560"]
[BlackElo "2779"]
[TimeControl "180+1"]
[EndTime "8:39:43 PDT"]
[Termination "Game drawn by repetition"]

1. Nf3 d5 2. g3 c5 3. Bg2 Nc6 4. d3 e5 5. Nbd2 Be7 6. e4 d4 7. Nc4 Qc7 8. a4 h5 9. h4 Bg4 10. Bd2 Nf6 11. Qc1 Nd7 12. O-O f6 13. b3 O-O-O 14.
Nh2 Be6 15. f4 Rdg8 16. Nf3 Bg4 17. a5 Kb8 18. Kh2 exf4 19. Bxf4 Nde5 20. Nfxe5 Nxe5 21. c3 Rd8 22. Ra2 Be6 23. a6 b6 24. Rd2 Bxc4 25. dxc4 g5 26. hxg5 fxg5 27. Bxe5 Qxe5 28. Rf5 Qc7 29. e5 h4 30. g4 Rhf8 31. Rdf2 Rxf5 32. Rxf5 d3 33. Qe3 d2 34. Qf3 Kc8 35. Qa8+ Qb8 36.
Qc6+ Qc7 37. Qa8+ Qb8 38. Qc6+ Qc7 39. Qa8+ 1/2-1/2

[Event "Early-Titled-Tuesday-Blitz-October-03-2023"]
[Site "Chess.com"]
[Date "2023.10.03"]
[Round "4"]
[White "ploxoi"]
[Black "jaskol95"]
[Result "1-0"]
[WhiteElo "2465"]
[BlackElo "2620"]
[TimeControl "180+1"]
[EndTime "8:39:43 PDT"]
[Termination "ploxoi won by checkmate"]

1. d4 d5 2. c4 e5 3. dxe5 d4 4. Nf3 Nc6 5. a3 a5 6. e3 Bc5 7.
exd4 Bxd4 8. Be2 Bf5 9. Nc3 Bxe5 10. Qxd8+ Rxd8 11. Nxe5 Nxe5 12. Be3 Bd3 13. Rd1 Bxe2 14.
Rxd8+ Kxd8 15. Kxe2 Nxc4 16. Rd1+ Kc8 17. Bd4 Ne7 18. Bxg7 Rg8 19. Bf6 Nxb2 20. Rd4 Nc6 21. Re4 Rxg2 22. Nd5 Nd3 23. Kxd3 Rxf2 24. Bh4 Rxh2 25.
Re8+ Kd7 26. Nf6+ Kd6 27. Bg3+ Kc5 28. Bxh2 b5 29. Ne4+ Kb6 30. Rc8 b4 31. axb4 Nxb4+ 32. Kc4 c6 33. Bc7+ Kb7 34. Nd6+ Ka7 35. Bxa5 Nd5 36.
Kc5 h5 37. Rxc6 Ne7 38. Bb6+ Ka6 39. Rc7 Ng6 40. Ra7# 1-0

[Event "Early-Titled-Tuesday-Blitz-October-03-2023"]
[Site "Chess.com"]
[Date "2023.10.03"]
[Round "4"]
[White "AnaKuchava"]
[Black "taleslascando"]
[Result "0-1"]
[WhiteElo "2236"]
[BlackElo "2024"]
[TimeControl "180+1"]
[EndTime "8:39:44 PDT"]
[Termination "taleslascando won by resignation"]

1. d4 Nf6 2. c4 g6 3. Nc3 Bg7 4. e4 d6 5. Nf3 O-O 6. Be2 Nc6 7. O-O e5 8. Be3 exd4 9. Nxd4 Ne5 10. f3 c6 11. Qd2 Re8 12. Rad1 a6 13. Nc2 d5 14. cxd5 cxd5 15. exd5 Bf5 16. Bg5 Rc8 17. Ne3 Bd7 18. Ne4 Nxe4 19. fxe4 Qxg5 20. Nc4 Qxd2 21.
Nxd2 Ng4 22. Bxg4 Bxg4 23. Rc1 Bxb2 24. Rb1 Bd4+ 25. Kh1 b5 26. Nb3 Rxe4 27. d6 Be6 28. Rbd1 Bb6 29. h3 Rd8 30. Nc1 Bc5 31. d7 Rxd7 32.
Rxd7 Bxd7 33. Rd1 Be6 34. Nd3 Rd4 35. Nf2 Rxd1+ 36. Nxd1 Bd4 37. a3 Bb3 0-1